[Event "AUT-ch 2018"]
[Site "Vienna"]
[Date "2018.07.28"]
[Round "8"]
[White "Khalakhan, Jurij"]
[Black "Miazhynski, Yuri"]
[Result "1-0"]
[ECO "B40"]
[WhiteElo "2215"]
[BlackElo "2147"]
[Annotator "NA"]
[PlyCount "83"]
[EventDate "2018.07.22"]
[EventType "swiss"]
[EventCountry "AUT"]
[SourceTitle "playchess.com"]
[Source "ChessBase"]
[SourceQuality "1"]
[TimeControl "40/5400+30:1800+30"]

1. Nf3 c5 2. e4 e6 3. b3 d6 4. Bb2 a6 5. Bd3 Nc6 6. O-O Nge7 7. Re1 Ng6 8. Bf1 e5 9. c3 Be7 10. Na3 O-O 11. d4 Bg4 12. dxc5 dxc5 13. Re3 Qc7 14. h3 Rad8 15. Qc2 Be6 16. Ree1 b5 17. Rad1 Qa5 18. Qb1 c4 19. b4 Nxb4 20. cxb4 Bxb4 21. Nc2 Bxe1 22. Rxe1 f6 23. Ba3 Rf7 24. Bb4 Qa4 25. Re3 c3 26. Rxc3 Qxa2 27. Qc1 Rfd7 28. Ne3 Nf4 29. Ra3 Ne2+ 30. Bxe2 Qxe2 31. Qc6 Bxh3 32. Ne1 Bg4 33. Nxg4 Qxg4 34. Rg3 Qf4 35. Ba5 Rd6 36. Qb7 R8d7 37. Qc8+ Kf7 38. Bb4 Rd8 39. Qc2 g5 40. Bxd6 Rxd6 41. Qc7+ Ke6 42. Nd3 {[%emt 0:00:34] Kd5} 1-0

[Event "AUT-ch 2018"]
[Site "Vienna"]
[Date "2018.07.28"]
[Round "8"]
[White "Windhager, Hannes"]
[Black "Atzl, Florian"]
[Result "1-0"]
[ECO "C77"]
[WhiteElo "2203"]
[BlackElo "2117"]
[Annotator "NA"]
[PlyCount "91"]
[EventDate "2018.07.22"]
[EventType "swiss"]
[EventCountry "AUT"]
[SourceTitle "playchess.com"]
[Source "ChessBase"]
[SourceQuality "1"]
[TimeControl "40/5400+30:1800+30"]

1. e4 e5 2. Nf3 Nc6 3. Bb5 a6 4. Ba4 Nf6 5. d3 b5 6. Bb3 Be7 7. O-O d6 8. a3 O-O 9. Nc3 Na5 10. Ba2 c6 11. h3 h6 12. Re1 Re8 13. Be3 Bf8 14. Qd2 d5 15. exd5 cxd5 16. d4 Nc6 17. Nxe5 Nxe5 18. dxe5 Rxe5 19. Bd4 Ne4 20. Qd3 Rg5 21. Bxd5 Nxc3 22. Bxa8 Bf5 23. Qf3 Qxd4 24. bxc3 Qh4 25. Kf1 Qc4+ 26. Kg1 Qh4 27. Kf1 Qc4+ 28. Re2 Bxc2 29. Be4 Bxe4 30. Qxe4 Qxc3 31. Rd1 Qxa3 32. Rd8 g6 33. Qd4 Kh7 34. Ree8 Qc1+ 35. Ke2 Qc2+ 36. Kf3 Qb3+ 37. Ke4 Qc2+ 38. Kf3 Qb3+ 39. Ke4 Qc2+ 40. Kf4 Qf5+ 41. Ke3 Rxg2 42. Ke2 Qh5+ 43. Kf1 Qxh3 44. Rxf8 Rg4+ 45. Ke2 Rxd4 46. Rxf7# {[%emt 0:00:00] Qh2} 1-0

[Event "AUT-ch 2018"]
[Site "Vienna"]
[Date "2018.07.28"]
[Round "8"]
[White "Exler, Veronika"]
[Black "Vitouch, Anatol"]
[Result "1/2-1/2"]
[ECO "E04"]
[WhiteElo "2198"]
[BlackElo "2317"]
[Annotator "NA"]
[PlyCount "86"]
[EventDate "2018.07.22"]
[EventType "swiss"]
[EventCountry "AUT"]
[SourceTitle "playchess.com"]
[Source "ChessBase"]
[SourceQuality "1"]
[TimeControl "40/5400+30:1800+30"]

1. d4 e6 2. c4 d5 3. Nf3 Nf6 4. g3 dxc4 5. Bg2 a6 6. O-O Nc6 7. Bg5 Be7 8. e3 O-O 9. Qc1 Na5 10. Ne5 c5 11. dxc5 Qc7 12. Nxc4 Qxc5 13. Bxf6 Bxf6 14. Nxa5 Qxa5 15. Nd2 Bd7 16. Ne4 Be7 17. Qc3 Qxc3 18. Nxc3 Rab8 19. Rfd1 Rfd8 20. Rd2 Be8 21. Rxd8 Bxd8 22. Rd1 Be7 23. Kf1 b5 24. Ne4 f5 25. Nc3 Rd8 26. Rxd8 Bxd8 27. Bb7 b4 28. Ne2 Bb5 29. Bc8 Kf7 30. Ke1 Bf6 31. Nd4 Bxd4 32. exd4 Bc4 33. a3 a5 34. axb4 axb4 35. h4 h6 36. Kd2 g5 37. hxg5 hxg5 38. Ke3 Kg6 39. Bb7 Bd5 40. Ba6 Kf6 41. f4 Kg6 42. Be2 Kf6 43. Ba6 Kg6 {[%emt 0:00:00] Ke4} 1/2-1/2

[Event "AUT-ch 2018"]
[Site "Vienna"]
[Date "2018.07.28"]
[Round "8"]
[White "Goessler, Markus"]
[Black "Thoma, Wilhelm Jun"]
[Result "1-0"]
[ECO "B51"]
[WhiteElo "2190"]
[BlackElo "2190"]
[Annotator "NA"]
[PlyCount "65"]
[EventDate "2018.07.22"]
[EventType "swiss"]
[EventCountry "AUT"]
[SourceTitle "playchess.com"]
[Source "ChessBase"]
[SourceQuality "1"]
[TimeControl "40/5400+30:1800+30"]

1. e4 c5 2. Nf3 d6 3. Bb5+ Nc6 4. O-O Bd7 5. c3 Nf6 6. Re1 a6 7. Ba4 b5 8. Bc2 Bg4 9. h3 Bxf3 10. Qxf3 g6 11. d3 Bg7 12. Nd2 O-O 13. Qe2 Rb8 14. Nf3 Nd7 15. Be3 b4 16. d4 bxc3 17. bxc3 Qa5 18. Qd3 Rfc8 19. Bb3 e6 20. Rac1 cxd4 21. cxd4 Qa3 22. Bf4 a5 23. Qa6 a4 24. Qxa4 Qxa4 25. Bxa4 Rb6 26. d5 Nc5 27. Bxc6 Nd3 28. Bxd6 Rb2 29. a4 Nxe1 30. Rxe1 Ra2 31. Rd1 exd5 32. exd5 Bf6 33. Bg3 1-0

[Event "AUT-ch 2018"]
[Site "Vienna"]
[Date "2018.07.28"]
[Round "8"]
[White "Schnegg, Anna-Lena"]
[Black "Gerhold, Michael"]
[Result "1/2-1/2"]
[ECO "A18"]
[WhiteElo "2175"]
[BlackElo "2254"]
[Annotator "NA"]
[PlyCount "81"]
[EventDate "2018.07.22"]
[EventType "swiss"]
[EventCountry "AUT"]
[SourceTitle "playchess.com"]
[Source "ChessBase"]
[SourceQuality "1"]
[TimeControl "40/5400+30:1800+30"]

1. c4 Nf6 2. Nc3 e6 3. e4 d5 4. e5 d4 5. exf6 dxc3 6. fxg7 cxd2+ 7. Bxd2 Bxg7 8. Qc2 Bd7 9. O-O-O Bc6 10. Nh3 Nd7 11. f3 Qe7 12. Be2 O-O-O 13. Be3 Nb6 14. Bxb6 cxb6 15. Rxd8+ Rxd8 16. Rd1 Rxd1+ 17. Qxd1 Qf6 18. Qc2 Qe5 19. Qc3 Qxc3+ 20. bxc3 h6 21. Kd2 Kd7 22. Nf2 f5 23. Bd3 Be5 24. h3 Bg3 25. Nd1 Kd6 26. Ke3 Kc5 27. Nb2 Be1 28. Nd1 Bd7 29. g4 Bg3 30. f4 e5 31. fxe5 fxg4 32. hxg4 Bxg4 33. Nf2 Bxf2+ 34. Kxf2 Be6 35. Kg3 b5 36. cxb5 Bxa2 37. c4 a5 38. bxa6 bxa6 39. e6 Kd6 40. c5+ Kxe6 41. Bxa6 1/2-1/2

[Event "AUT-ch 2018"]
[Site "Vienna"]
[Date "2018.07.28"]
[Round "8"]
[White "Polterauer, Chiara"]
[Black "Wagner, Leopold Franziskus"]
[Result "1-0"]
[ECO "C05"]
[WhiteElo "2169"]
[BlackElo "2108"]
[Annotator "NA"]
[PlyCount "109"]
[EventDate "2018.07.22"]
[EventType "swiss"]
[EventCountry "AUT"]
[SourceTitle "playchess.com"]
[Source "ChessBase"]
[SourceQuality "1"]
[TimeControl "40/5400+30:1800+30"]

1. e4 e6 2. d4 d5 3. Nd2 Nf6 4. e5 Nfd7 5. f4 c5 6. c3 b6 7. Bd3 Ba6 8. Ndf3 Bxd3 9. Qxd3 Nc6 10. a3 g6 11. Ne2 h5 12. Ng5 Qe7 13. Be3 c4 14. Qc2 b5 15. Kf2 Bh6 16. h4 Rb8 17. f5 gxf5 18. Nf4 Bxg5 19. hxg5 h4 20. Rh3 Kd8 21. Rah1 Kc7 22. Rxh4 Rxh4 23. Rxh4 Rg8 24. Qc1 Nf8 25. Nh5 Rh8 26. Rh3 Ng6 27. Nf6 Qf8 28. Rh6 Nce7 29. g3 Ng8 30. Rxh8 Nxh8 31. a4 Nxf6 32. exf6 b4 33. b3 Ng6 34. Bd2 Qh8 35. Kg2 Qh5 36. cxb4 Qg4 37. Kf2 Qxd4+ 38. Be3 Qe4 39. bxc4 d4 40. Bd2 e5 41. b5 Qd3 42. c5 e4 43. Bf4+ Kc8 44. b6 Qf3+ 45. Kg1 e3 46. Qf1 Qe4 47. Qa6+ Kd8 48. Bc7+ Kd7 49. Qb5+ Kc8 50. bxa7 e2 51. Qb8+ Kd7 52. Qd8+ Kc6 53. a8=Q+ Kxc5 54. Qxe4 fxe4 55. Kf2 1-0

[Event "AUT-ch 2018"]
[Site "Vienna"]
[Date "2018.07.28"]
[Round "8"]
[White "Jakits, Leopold"]
[Black "Ly, Dominik"]
[Result "0-1"]
[ECO "B20"]
[WhiteElo "2161"]
[BlackElo "2217"]
[Annotator "NA"]
[PlyCount "62"]
[EventDate "2018.07.22"]
[EventType "swiss"]
[EventCountry "AUT"]
[SourceTitle "playchess.com"]
[Source "ChessBase"]
[SourceQuality "1"]
[TimeControl "40/5400+30:1800+30"]

1. e4 c5 2. b3 g6 3. Bb2 Nf6 4. Nc3 Nc6 5. Nf3 Bg7 6. Nd5 e6 7. Nxf6+ Bxf6 8. e5 Bg7 9. Bb5 Ne7 10. a4 a6 11. Bc4 Nc6 12. Bc3 b6 13. Qe2 Qc7 14. O-O O-O 15. Rfe1 Qb7 16. Rad1 Rb8 17. d4 cxd4 18. Bxd4 Rd8 19. Ba1 b5 20. axb5 axb5 21. Bd3 Qb6 22. Be4 Bb7 23. Qe3 Qxe3 24. Rxe3 Ra8 25. Bc3 Rac8 26. h3 Ba8 27. Red3 Nxe5 28. Bxe5 Bxe4 29. Rxd7 Rxd7 30. Rxd7 Bxf3 31. Bxg7 Bc6 0-1

[Event "AUT-ch 2018"]
[Site "Vienna"]
[Date "2018.07.28"]
[Round "8"]
[White "Ager, Josef"]
[Black "Peyrer, Konstantin"]
[Result "1/2-1/2"]
[ECO "D02"]
[WhiteElo "2154"]
[BlackElo "2209"]
[Annotator "NA"]
[PlyCount "148"]
[EventDate "2018.07.22"]
[EventType "swiss"]
[EventCountry "AUT"]
[SourceTitle "playchess.com"]
[Source "ChessBase"]
[SourceQuality "1"]
[TimeControl "40/5400+30:1800+30"]

1. d4 d5 2. Nf3 Nf6 3. c4 e6 4. g3 Bb4+ 5. Bd2 Be7 6. Bg2 O-O 7. Qc2 c5 8. cxd5 Nxd5 9. dxc5 Na6 10. c6 Nab4 11. Qb3 Nxc6 12. Nc3 Na5 13. Qc2 Nb4 14. Qc1 Nc4 15. Bf4 Bf6 16. O-O Nd5 17. Rd1 Nxc3 18. bxc3 Qa5 19. Nd2 Nxd2 20. Bxd2 Qa6 21. Bg5 Be5 22. Be7 Re8 23. Qe3 Qa5 24. Bb4 Qc7 25. Bc5 Bf6 26. Rab1 Qa5 27. Bxb7 Bxb7 28. Rxb7 Qxa2 29. Rdd7 Qa1+ 30. Kg2 Qxc3 31. Qxc3 Bxc3 32. Rxf7 a5 33. e3 Reb8 34. Rxb8+ Rxb8 35. Ra7 e5 36. Kf3 Rb2 37. e4 h5 38. h4 Ra2 39. g4 hxg4+ 40. Kxg4 a4 41. f3 Bd4 42. Ra8+ Kh7 43. Bd6 Kg6 44. h5+ Kf6 45. Ra6 Kf7 46. Ra5 Ke6 47. Ra6 Kd7 48. Bf8 Rg2+ 49. Kh3 Rg1 50. Rxa4 Rh1+ 51. Kg4 Ke6 52. f4 Rg1+ 53. Kh3 Rh1+ 54. Kg2 Rg1+ 55. Kh2 Rg4 56. Kh3 Rg1 57. Rb4 Rh1+ 58. Kg2 Rxh5 59. Bxg7 Rh4 60. f5+ Kf7 61. Rb7+ Kg8 62. f6 Rf4 63. Kg3 Bf2+ 64. Kh3 Bh4 65. Bh6 Rxf6 66. Kxh4 Rxh6+ 67. Kg5 Re6 68. Kf5 Re8 69. Kf6 Ra8 70. Kxe5 Ra5+ 71. Kf6 Ra6+ 72. Kf5 Kf8 73. e5 Ke8 74. e6 Ra1 1/2-1/2

[Event "AUT-ch 2018"]
[Site "Vienna"]
[Date "2018.07.28"]
[Round "8"]
[White "Hofegger, Jakob"]
[Black "Ehs, Dominik"]
[Result "1/2-1/2"]
[ECO "A04"]
[WhiteElo "2147"]
[BlackElo "2097"]
[Annotator "NA"]
[PlyCount "117"]
[EventDate "2018.07.22"]
[EventType "swiss"]
[EventCountry "AUT"]
[SourceTitle "playchess.com"]
[Source "ChessBase"]
[SourceQuality "1"]
[TimeControl "40/5400+30:1800+30"]

1. Nf3 c5 2. g3 Nc6 3. Bg2 e6 4. O-O d5 5. d3 Nf6 6. Nbd2 Be7 7. e4 Qc7 8. Re1 b6 9. Qe2 Bb7 10. a3 h6 11. h4 O-O-O 12. e5 Nd7 13. h5 Rdg8 14. c4 d4 15. Ne4 g6 16. hxg6 Rxg6 17. Bf4 h5 18. Nd6+ Bxd6 19. exd6 Qd8 20. b4 h4 21. bxc5 Nxc5 22. d7+ Nxd7 23. c5 hxg3 24. Bxg3 Nxc5 25. Rac1 Rhg8 26. Rxc5 bxc5 27. Rb1 Rxg3 28. fxg3 Rxg3 29. Kh2 Qc7 30. Kh1 Ne7 31. Ne1 Rh3+ 32. Kg1 Qh2+ 33. Kf2 Bxg2 34. Nxg2 Nd5 35. Qg4 Rh8 36. Qf3 Qh5 37. Qg3 e5 38. Rb5 Qf5+ 39. Kg1 Kd7 40. Rxc5 Kd6 41. Ra5 Nc3 42. Qe1 f6 43. Ra6+ Kc7 44. Rxa7+ Kb8 45. Re7 Qh5 46. Rg7 Qf3 47. Nh4 Qd1 48. Qxd1 Nxd1 49. Ng6 Rc8 50. Rf7 Rc6 51. Kf1 Ne3+ 52. Ke2 Ra6 53. Kf3 Nf1 54. Ke4 Ne3 55. Kf3 Rxa3 56. Rxf6 Rxd3 57. Nxe5 Nd5+ 58. Nxd3 Nxf6 59. Kf4 1/2-1/2

[Event "AUT-ch 2018"]
[Site "Vienna"]
[Date "2018.07.28"]
[Round "8"]
[White "Trippold, Denise"]
[Black "Pernerstorfer, Johannes"]
[Result "1-0"]
[ECO "E17"]
[WhiteElo "2138"]
[BlackElo "2066"]
[Annotator "NA"]
[PlyCount "41"]
[EventDate "2018.07.22"]
[EventType "swiss"]
[EventCountry "AUT"]
[SourceTitle "playchess.com"]
[Source "ChessBase"]
[SourceQuality "1"]
[TimeControl "40/5400+30:1800+30"]

1. d4 Nf6 2. c4 e6 3. Nf3 b6 4. g3 Bb7 5. Bg2 Be7 6. O-O O-O 7. d5 exd5 8. Nh4 d6 9. cxd5 c6 10. dxc6 Nxc6 11. Nc3 d5 12. Nf5 Qd7 13. Nxd5 Nxd5 14. Qxd5 Qe8 15. Qe4 Bc5 16. Qg4 Qe5 17. Bh6 g6 18. Bxf8 Rxf8 19. Ne3 Qxb2 20. Qd7 Qxe2 21. Bxc6 1-0

[Event "AUT-ch 2018"]
[Site "Vienna"]
[Date "2018.07.28"]
[Round "8"]
[White "Froewis, Annika"]
[Black "Gutmann, Alois"]
[Result "1/2-1/2"]
[ECO "C18"]
[WhiteElo "2128"]
[BlackElo "2062"]
[Annotator "NA"]
[PlyCount "62"]
[EventDate "2018.07.22"]
[EventType "swiss"]
[EventCountry "AUT"]
[SourceTitle "playchess.com"]
[Source "ChessBase"]
[SourceQuality "1"]
[TimeControl "40/5400+30:1800+30"]

1. e4 e6 2. d4 d5 3. Nc3 Bb4 4. e5 c5 5. a3 Bxc3+ 6. bxc3 Qa5 7. Bd2 Qa4 8. Qg4 Kf8 9. Qd1 b6 10. h4 Ba6 11. Bxa6 Nxa6 12. Ne2 Rc8 13. Ra2 Ne7 14. h5 h6 15. Rh3 Nb8 16. Qb1 Nbc6 17. Qb3 Qxb3 18. cxb3 Na5 19. Rb2 Ke8 20. g4 c4 21. b4 Nb3 22. Be3 a5 23. Kd1 axb4 24. axb4 Ra8 25. Nc1 Ra1 26. Ra2 Rxa2 27. Nxa2 Nc8 28. Kc2 Na7 29. Rh1 Nb5 30. Nc1 Nxc1 31. Rxc1 Kd7 1/2-1/2

[Event "AUT-ch 2018"]
[Site "Vienna"]
[Date "2018.07.28"]
[Round "8"]
[White "Spiesberger, Gerhard"]
[Black "Toelly, Michael"]
[Result "1/2-1/2"]
[ECO "C25"]
[WhiteElo "2127"]
[BlackElo "2127"]
[Annotator "NA"]
[PlyCount "60"]
[EventDate "2018.07.22"]
[EventType "swiss"]
[EventCountry "AUT"]
[SourceTitle "playchess.com"]
[Source "ChessBase"]
[SourceQuality "1"]
[TimeControl "40/5400+30:1800+30"]

1. e4 e5 2. Nc3 Nc6 3. g3 Nf6 4. Bg2 d6 5. d3 Be7 6. Nge2 h5 7. Bg5 Be6 8. Bxf6 Bxf6 9. Nd5 h4 10. Qd2 h3 11. Bf3 Bg5 12. Qd1 Qd7 13. O-O f5 14. exf5 Bxf5 15. b4 O-O 16. b5 Nd8 17. Nec3 Qf7 18. Ne3 Be6 19. Bh1 c6 20. Ne4 Be7 21. f4 Qg6 22. fxe5 dxe5 23. Rxf8+ Bxf8 24. a4 Nf7 25. bxc6 bxc6 26. Rb1 Qh6 27. Ng4 Bxg4 28. Qxg4 Qe3+ 29. Kf1 Be7 30. Re1 Qd4 1/2-1/2

[Event "AUT-ch 2018"]
[Site "Vienna"]
[Date "2018.07.28"]
[Round "8"]
[White "Hupfer, Robert"]
[Black "Hiermann, Dietmar"]
[Result "1/2-1/2"]
[ECO "D35"]
[WhiteElo "2122"]
[BlackElo "2202"]
[Annotator "NA"]
[PlyCount "62"]
[EventDate "2018.07.22"]
[EventType "swiss"]
[EventCountry "AUT"]
[SourceTitle "playchess.com"]
[Source "ChessBase"]
[SourceQuality "1"]
[TimeControl "40/5400+30:1800+30"]

1. d4 d5 2. c4 e6 3. Nc3 Nf6 4. cxd5 exd5 5. Bg5 Be7 6. e3 c6 7. Qc2 Nbd7 8. Nf3 O-O 9. Bd3 Re8 10. O-O Nf8 11. h3 Nh5 12. Bxe7 Qxe7 13. Rfe1 Nf6 14. e4 dxe4 15. Nxe4 Nxe4 16. Bxe4 Be6 17. d5 cxd5 18. Bxd5 Qd7 19. Bxe6 Rxe6 20. Rxe6 Nxe6 21. Rd1 Qb5 22. Nd4 Nxd4 23. Rxd4 h6 24. Qd2 Qf5 25. Qd3 Qe6 26. Qe4 Re8 27. Qxe6 Rxe6 28. Rd7 Rb6 29. b3 g6 30. Kf1 Kg7 31. Ke2 Ra6 1/2-1/2

[Event "AUT-ch 2018"]
[Site "Vienna"]
[Date "2018.07.28"]
[Round "8"]
[White "Zojer, Stefan"]
[Black "Breneis, Lukas"]
[Result "1-0"]
[ECO "D05"]
[WhiteElo "2108"]
[BlackElo "2108"]
[Annotator "NA"]
[PlyCount "109"]
[EventDate "2018.07.22"]
[EventType "swiss"]
[EventCountry "AUT"]
[SourceTitle "playchess.com"]
[Source "ChessBase"]
[SourceQuality "1"]
[TimeControl "40/5400+30:1800+30"]

1. d4 d5 2. e3 Nf6 3. Bd3 c5 4. b3 Nc6 5. Nf3 Bg4 6. Bb2 e6 7. O-O Bd6 8. Nbd2 O-O 9. a3 cxd4 10. exd4 Rc8 11. Re1 Re8 12. Qb1 Qb6 13. c4 Bxf3 14. Nxf3 Qxb3 15. Re3 Qa4 16. Ne5 Ne7 17. c5 Bxe5 18. dxe5 Ne4 19. Bxe4 dxe4 20. Rxe4 Qc6 21. a4 Qxc5 22. Bd4 Qd5 23. Bxa7 Nc6 24. Be3 Nxe5 25. Rb4 Nc4 26. Rb5 Qd6 27. Rxb7 Nxe3 28. fxe3 Qc5 29. Qe4 Red8 30. a5 Qc3 31. Rf1 Rc4 32. Qf3 f5 33. a6 Re4 34. a7 Rxe3 35. Qd1 Red3 36. Qa1 Qc5+ 37. Kh1 Qf8 38. Rfb1 Ra8 39. Qa6 Rd6 40. Qxd6 Qxd6 41. Rb8+ Kf7 42. Rxa8 Qa3 43. Rab8 Qxa7 44. R8b7+ Qxb7 45. Rxb7+ Kf6 46. Kg1 e5 47. Rb6+ Kg5 48. Re6 e4 49. Kf2 Kf4 50. Re7 g5 51. g3+ Kg4 52. Rxh7 f4 53. h3+ Kf5 54. g4+ Ke5 55. Rd7 1-0

[Event "AUT-ch 2018"]
[Site "Vienna"]
[Date "2018.07.28"]
[Round "8"]
[White "Pacher, Simon"]
[Black "Steiner, Bruno"]
[Result "1-0"]
[ECO "C68"]
[WhiteElo "2097"]
[BlackElo "2194"]
[Annotator "NA"]
[PlyCount "33"]
[EventDate "2018.07.22"]
[EventType "swiss"]
[EventCountry "AUT"]
[SourceTitle "playchess.com"]
[Source "ChessBase"]
[SourceQuality "1"]
[TimeControl "40/5400+30:1800+30"]

1. e4 e5 2. Nf3 Nc6 3. Bb5 a6 4. Bxc6 dxc6 5. O-O Bg4 6. h3 h5 7. d3 Qf6 8. Nbd2 g5 9. Nc4 Bxf3 10. Qxf3 Qxf3 11. gxf3 f6 12. h4 gxh4 13. f4 exf4 14. Bxf4 Kd7 15. a4 Bd6 16. Bxd6 cxd6 17. Nb6+ 1-0

[Event "AUT-ch 2018"]
[Site "Vienna"]
[Date "2018.07.28"]
[Round "8"]
[White "Hatzl, Johannes"]
[Black "Zimmermann, Heinz"]
[Result "0-1"]
[ECO "B28"]
[WhiteElo "2068"]
[BlackElo "2162"]
[Annotator "NA"]
[PlyCount "89"]
[EventDate "2018.07.22"]
[EventType "swiss"]
[EventCountry "AUT"]
[SourceTitle "playchess.com"]
[Source "ChessBase"]
[SourceQuality "1"]
[TimeControl "40/5400+30:1800+30"]

1. e4 c5 2. Nf3 a6 3. c3 Nf6 4. e5 Nd5 5. d4 cxd4 6. Bc4 Nb6 7. Bb3 d5 8. exd6 Qxd6 9. cxd4 Be6 10. Bc2 Nc6 11. Nc3 Rd8 12. O-O Bg4 13. Be3 e6 14. Qe2 Be7 15. Rfd1 Nd5 16. Bc1 O-O 17. a3 Nf6 18. Be3 Rc8 19. h3 Bh5 20. Rac1 b5 21. Ne4 Nxe4 22. Bxe4 Na5 23. Bd3 Qd5 24. g4 Bg6 25. Nd2 Bxd3 26. Qxd3 Nc4 27. Rc2 Ne5 28. Qe2 Rxc2 29. dxe5 Rd8 30. b4 h6 31. f4 Bh4 32. a4 Qd3 33. Kf1 bxa4 34. Qxd3 Rxd3 35. Ke2 Rb3 36. Rg1 Rbb2 37. Kd3 Rc7 38. Bc5 Rd7+ 39. Bd6 Rxb4 40. Nc4 Be7 41. Kd4 Bxd6 42. exd6 Rxd6+ 43. Kc5 Rxc4+ 44. Kxc4 Rd2 45. Ra1 0-1

[Event "AUT-ch 2018"]
[Site "Vienna"]
[Date "2018.07.28"]
[Round "8"]
[White "Mayrhuber, Nikola"]
[Black "Mira, Helene"]
[Result "1-0"]
[ECO "A41"]
[WhiteElo "2046"]
[BlackElo "2046"]
[Annotator "NA"]
[PlyCount "109"]
[EventDate "2018.07.22"]
[EventType "swiss"]
[EventCountry "AUT"]
[SourceTitle "playchess.com"]
[Source "ChessBase"]
[SourceQuality "1"]
[TimeControl "40/5400+30:1800+30"]

1. d4 d6 2. c4 e5 3. Nf3 e4 4. Ng5 f5 5. g3 Be7 6. Nh3 Nf6 7. Nc3 c6 8. Bg2 O-O 9. O-O Na6 10. d5 Nc7 11. f3 cxd5 12. cxd5 exf3 13. Bxf3 b5 14. a3 a5 15. Nf4 b4 16. Na2 Rb8 17. axb4 axb4 18. Qd4 Na6 19. Bd2 Nc5 20. Qe3 b3 21. Nb4 Bd7 22. Ra7 Re8 23. Nc6 Qb6 24. Ba5 Qb5 25. Nxe7+ Kf7 26. Bc7 Rxe7 27. Qd4 Rc8 28. Bxd6 Ree8 29. Bxc5 Qxc5 30. Qxc5 Rxc5 31. Rb7 Rb5 32. Rc7 Ke7 33. Rd1 Kd6 34. Ra7 Rb6 35. Ne6 g6 36. Nc7 Rc8 37. Na8 Rbb8 38. Ra6+ Ke7 39. d6+ Kd8 40. Nc7 Rb4 41. Rd3 Ne4 42. Bxe4 Rxe4 43. Kf2 Rb8 44. Ra7 Reb4 45. Na6 R4b7 46. Nxb8 Rxa7 47. Rxb3 Kc8 48. Rb6 Ra5 49. Na6 Be6 50. b4 Re5 51. Nc5 g5 52. Ra6 Bd5 53. d7+ Kc7 54. Rd6 Kd8 55. Rf6 1-0

[Event "AUT-ch 2018"]
[Site "Vienna"]
[Date "2018.07.28"]
[Round "8"]
[White "Zanon, Magnus"]
[Black "Hapala, Elisabeth"]
[Result "0-1"]
[ECO "A01"]
[WhiteElo "2022"]
[BlackElo "2131"]
[Annotator "NA"]
[PlyCount "62"]
[EventDate "2018.07.22"]
[EventType "swiss"]
[EventCountry "AUT"]
[SourceTitle "playchess.com"]
[Source "ChessBase"]
[SourceQuality "1"]
[TimeControl "40/5400+30:1800+30"]

1. b3 e5 2. Bb2 Nc6 3. e3 Nf6 4. g3 d5 5. Bg2 Bg4 6. f3 Bf5 7. Ne2 Qd7 8. Na3 Bh3 9. O-O h5 10. Rf2 O-O-O 11. c3 Bxg2 12. Rxg2 h4 13. b4 hxg3 14. Nxg3 e4 15. f4 Qh3 16. Nb5 g5 17. c4 d4 18. Nxd4 Nxd4 19. Bxd4 Rxd4 20. fxg5 Rxc4 21. gxf6 Rxb4 22. Rb1 Qh6 23. Rxb4 Bxb4 24. Qg4+ Kb8 25. Nxe4 a6 26. Ng5 Bd6 27. Nxf7 Bxh2+ 28. Kh1 Qh7 29. Nxh8 Bg3+ 30. Qh3 Qxh3+ 31. Kg1 Qxh8 0-1

[Event "AUT-ch 2018"]
[Site "Vienna"]
[Date "2018.07.28"]
[Round "8"]
[White "Riemelmoser, Stefan"]
[Black "Berger, Tobias"]
[Result "1-0"]
[ECO "B03"]
[WhiteElo "1957"]
[BlackElo "2074"]
[Annotator "NA"]
[PlyCount "61"]
[EventDate "2018.07.22"]
[EventType "swiss"]
[EventCountry "AUT"]
[SourceTitle "playchess.com"]
[Source "ChessBase"]
[SourceQuality "1"]
[TimeControl "40/5400+30:1800+30"]

1. e4 Nf6 2. e5 Nd5 3. c4 Nb6 4. d4 d6 5. exd6 cxd6 6. Nc3 g6 7. Be3 Bg7 8. Rc1 O-O 9. b3 Nc6 10. d5 Ne5 11. Be2 Re8 12. Nf3 Nxf3+ 13. Bxf3 Nd7 14. O-O Nf6 15. h3 Bd7 16. b4 a5 17. a3 axb4 18. axb4 Ra3 19. Qd2 b6 20. Ne2 Qc7 21. c5 bxc5 22. bxc5 dxc5 23. Bxc5 Rxf3 24. gxf3 Bxh3 25. Rfd1 Qe5 26. Qe3 Nh5 27. Bd4 Qd6 28. Bc5 Qe5 29. Rb1 Bf5 30. Rb6 Nf6 31. Qxe5 1-0

[Event "AUT-ch 2018"]
[Site "Vienna"]
[Date "2018.07.29"]
[Round "9"]
[White "Dragnev, Valentin"]
[Black "Wallner, Joachim"]
[Result "1-0"]
[ECO "D35"]
[WhiteElo "2499"]
[BlackElo "2311"]
[Annotator "ChessBase"]
[PlyCount "67"]
[EventDate "2018.07.22"]
[EventType "swiss"]
[EventCountry "AUT"]
[SourceTitle "playchess.com"]
[Source "ChessBase"]
[SourceQuality "1"]
[TimeControl "40/5400+30:1800+30"]

1. d4 d5 2. c4 e6 3. Nc3 Nf6 4. cxd5 exd5 5. Bg5 c6 6. e3 Nbd7 7. Bd3 Bd6 8. Nf3 O-O 9. Qc2 h6 10. Bh4 Re8 11. O-O-O Qa5 12. Kb1 Bb4 13. Nd2 Bxc3 14. Qxc3 Qxc3 15. bxc3 Ne4 16. Nxe4 dxe4 17. Be2 Nb6 18. c4 Be6 19. Rc1 f6 20. g4 Nc8 21. Bg3 Ne7 22. h4 g6 23. Kb2 Rad8 24. a4 Rd7 25. Kc3 Kg7 26. a5 g5 27. Rb1 Ng6 28. h5 Nf8 29. Rb2 Nh7 30. c5 Ree7 31. a6 bxa6 32. Bxa6 Bxg4 33. Bc8 Bf3 34. Bxd7 1-0

[Event "AUT-ch 2018"]
[Site "Vienna"]
[Date "2018.07.29"]
[Round "9"]
[White "Halvax, Georg"]
[Black "Stanec, Nikolaus"]
[Result "0-1"]
[ECO "B12"]
[WhiteElo "2433"]
[BlackElo "2465"]
[Annotator "ChessBase"]
[PlyCount "80"]
[EventDate "2018.07.22"]
[EventType "swiss"]
[EventCountry "AUT"]
[SourceTitle "playchess.com"]
[Source "ChessBase"]
[SourceQuality "1"]
[TimeControl "40/5400+30:1800+30"]

1. e4 c6 2. d4 g6 3. Nc3 d5 4. e5 Bg7 5. f4 Nh6 6. Nf3 f6 7. Be3 Bg4 8. Be2 O-O 9. O-O Nd7 10. h3 Nf5 11. Bf2 Bxf3 12. Bxf3 fxe5 13. fxe5 e6 14. Ne2 c5 15. c3 Rc8 16. Bg4 cxd4 17. cxd4 Bh6 18. Qd3 Qb6 19. Rab1 Nb8 20. Nc3 Nc6 21. Na4 Qc7 22. Nc5 Qe7 23. a3 b6 24. Nb3 Qd7 25. Bxf5 gxf5 26. Be3 Qg7 27. Rbc1 Ne7 28. Qd2 Rxc1 29. Nxc1 f4 30. Bxf4 Rxf4 31. Rxf4 Ng6 32. Nd3 Nxf4 33. Nxf4 Qg5 34. Qc2 Qxf4 35. Qc8+ Kg7 36. Qxe6 Qxd4+ 37. Kf1 Qd3+ 38. Kf2 Be3+ 39. Kf3 Bd4+ 40. Kf4 Qe4+ 0-1

[Event "AUT-ch 2018"]
[Site "Vienna"]
[Date "2018.07.29"]
[Round "9"]
[White "Blohberger, Felix"]
[Black "Neumeier, Klaus"]
[Result "1-0"]
[ECO "A33"]
[WhiteElo "2420"]
[BlackElo "2284"]
[Annotator "NA RC"]
[PlyCount "115"]
[EventDate "2018.07.22"]
[EventType "swiss"]
[EventCountry "AUT"]
[SourceTitle "playchess.com"]
[Source "ChessBase"]
[SourceQuality "1"]
[TimeControl "40/5400+30:1800+30"]

1. c4 c5 2. Nf3 Nc6 3. d4 cxd4 4. Nxd4 e6 5. Nc3 Nf6 6. Bf4 d5 7. cxd5 Nxd5 8. Nxc6 bxc6 9. Bd2 Ba6 10. Nxd5 Qxd5 11. Qc2 Qd7 12. Bc3 Rd8 13. g3 Qd5 14. e4 Bd3 15. Bxd3 Qxd3 16. Qxd3 Rxd3 17. Ke2 Rd7 18. Rac1 c5 19. Rc2 f6 20. Bd2 Rb7 21. b3 Bd6 22. b4 Rc7 23. Rhc1 c4 24. Rxc4 Rxc4 25. Rxc4 Kd7 26. b5 Rb8 27. a4 a6 28. bxa6 Ra8 29. Kd3 Rxa6 30. h3 Rb6 31. Kc2 Be5 32. f4 Bd6 33. g4 g6 34. f5 exf5 35. exf5 Be5 36. Bb4 Ra6 37. Kb3 Ra8 38. a5 gxf5 39. gxf5 Rg8 40. Ka4 Rg5 41. a6 Bb8 42. Rc5 Rh5 43. Rb5 Kc8 44. Rc5+ Kd7 45. Kb5 Rxh3 46. Rd5+ Ke8 47. Rd6 Ba7 48. Rxf6 Bd4 49. Rf8+ Kd7 50. a7 Bxa7 51. Rf7+ Ke8 52. Re7+ Kd8 53. Rxa7 Rf3 54. f6 Rf5+ 55. Ka4 Ke8 56. Re7+ Kd8 57. f7 Rf4 58. Re8+ 1-0